 Dungeon Crawl Stone Soup version 0.25-a0-424-g80bd347ae0 (webtiles) character file.

Game seed: 15209001052663304402, levelgen mode: deterministic

2300 kae the Transmogrifier (level 9, 0/64 HPs)
             Began as a Green Draconian Transmuter on Jan 23, 2020.
             Slain by a vampire (12 damage)
             ... on level 10 of the Dungeon.
             The game lasted 00:08:50 (8647 turns).

kae the Transmogrifier (Green Draconian Transmuter) Turns: 8647, Time: 00:08:50

Health: 0/64       AC:  7    Str: 12    XL:     9   Next: 17%
Magic:  12/12      EV: 12    Int: 14    God:
Gold:   308        SH:  0    Dex: 15    Spells: 1/12 levels left

rFire    . . .     SeeInvis .   d - +2 spear (venom)
rCold    . . .     Gourm    .   (no shield)
rNeg     . . .     Faith    .   (armour unavailable)
rPois    +         Spirit   .   (helmet restricted)
rElec    .         Reflect  .   (no cloak)
rCorr    .         Harm     .   (no gloves)
MR       .....                  (no boots)
Stlth    +.........             (no amulet)
HPRegen  0.20/turn              (no ring)
MPRegen  0.13/turn              (no ring)

@: no status effects
A: breathe noxious fumes, unfitting armour, poison resistance, cold-blooded, AC
+7
a: Breathe Noxious Fumes


You were on level 10 of the Dungeon.
You were not hungry.

You visited 1 branch of the dungeon, and saw 9 of its levels.
You also visited: Sewer.

You collected 308 gold pieces.

Inventory:

Hand Weapons
 d - a +2 spear of venom (weapon)
Missiles
 a - 104 arrows
Armour
 v - a scarf of cloud immunity
 y - a +2 hat
Jewellery
 w - an uncursed ring of flight {unknown}
Wands
 i - a wand of random effects (12)
 j - a wand of enslavement (15)
 x - a wand of paralysis (4)
Scrolls
 b - 6 scrolls of remove curse
 h - 3 scrolls of identify
 k - a scroll of fear
 l - a scroll of teleportation
 p - 3 scrolls of enchant weapon {unknown}
 r - a scroll of noise {unknown}
 u - a scroll of amnesia {unknown}
 z - a scroll of blinking
Potions
 e - 2 potions of heal wounds
 f - 2 potions of brilliance
 g - 6 potions of curing
 m - a potion of agility
 n - a potion of flight
 o - a potion of lignification
 q - 2 potions of degeneration {unknown}
 s - 2 potions of haste
 t - a potion of cancellation {unknown}
Comestibles
 c - 9 rations


   Skills:
 - Level 1.1 Fighting
 - Level 1.7 Dodging
 - Level 3.0 Unarmed Combat
 + Level 2.3 Spellcasting
 - Level 12.1 Transmutations


You had one spell level left.
You knew the following spells:

 Your Spells              Type           Power        Failure   Level  Hunger
a - Beastly Appendage     Tmut           #####.       1%          1    #......
b - Sticks to Snakes      Tmut           #####...     1%          2    ###....
c - Spider Form           Tmut/Pois      ###.......   6%          3    ###....
d - Blade Hands           Tmut           #####.....   4%          5    ######.

Your spell library contained the following spells:

 Spells                   Type           Power        Failure   Level  Hunger
 Animate Skeleton         Necr           N/A          22%         1    #......
 Apportation              Tloc           #.....       22%         1    #......
 Corona                   Hex            #......      22%         1    #......
 Summon Small Mammal      Summ           #...         22%         1    #......
 Ice Form                 Ice/Tmut       ###.....     19%         4    #####..


Dungeon Overview and Level Annotations

Branches:
Dungeon (10/15)             Sewer (visited)
 Temple: D:4-7         Lair: D:8-11         Orc: D:9-12

Altars:
Gozag
Hepliaklqana
Kikubaaqudgha
Nemelex Xobeh
Sif Muna
Xom

Shops:
D:5 *

Annotations:
D:4 2 transporters, hittemvvvvvvhard's ghost, weakling CeTm


Innate Abilities, Weirdness & Mutations

You can breathe blasts of noxious fumes.
Your lurid green scales are hard. (AC +7)
You cannot fit into any form of body armour.
Your system is resistant to poisons. (rPois)
You are cold-blooded and may be slowed by cold attacks.


Message History

Something bites you!
Something draws strength from your injuries!
You are too injured to fight recklessly!
You are too injured to fight recklessly!
You are too injured to fight recklessly!
You are too injured to fight recklessly!
You completely miss the orc wizard.
You tail-slap the orc wizard, but do no damage.
The orc wizard is severely wounded.
The quokka closely misses you. The orc wizard barely misses you.
Something hits you!
* * * LOW HITPOINT WARNING * * *
Something barely misses you.
You hit the orc wizard.
The orc wizard looks as sick as possible!
The orc wizard is almost dead.
The quokka bites you.
* * * LOW HITPOINT WARNING * * *
The orc wizard closely misses you. Something hits you!
You die...

#### .# .# ....
#.####.## .....
#.#...... .....
#.#...$.. ......
#.#......
.#....##........
................
#..r......#
.......#@####..
.......)o..%....
.............$..
.#.#.###.#......
# #. ......... .
(........ .. ...
..... ..........


You could see an orc wizard and a quokka.

Vanquished Creatures
  Pikel (D:5)
  An ice beast (D:6)
  A sky beast (D:7)
  5 ogres
  An orc warrior (D:6)
  3 slaves (D:5)
  A centaur (D:6)
  2 bullfrogs (D:6)
  4 scorpions
  A water moccasin skeleton (D:6)
  2 crimson imps
  An orc priest (D:6)
  2 orc wizards
  2 bullfrog skeletons
  A centaur skeleton (D:5)
  2 iguanas
  5 worker ants
  3 hound skeletons
  Robin (D:3)
  8 gnolls
  5 river rats (Sewer)
  8 adders
  5 oozes
  An adder skeleton (D:5)
  2 worms
  A dart slug (D:1)
  6 leopard geckos (D:5)
  14 orcs
  3 bats (D:1)
  9 giant cockroaches
  9 goblins
  14 hobgoblins
  10 jackals
  3 quokkas (D:4)
  5 ball pythons (Sewer)
  3 frilled lizards
  22 kobolds
  A quokka skeleton (D:4)
  A quokka zombie (D:6)
  35 rats
204 creatures vanquished.

Vanquished Creatures (others)
  A jackal skeleton (D:5)
1 creature vanquished.

Grand Total: 205 creatures vanquished

Notes
Turn   | Place    | Note
-------+----------+-------------------------------------------
     0 | D:1      | kae the Draconian Transmuter began the quest for the Orb.
     0 | D:1      | Reached XP level 1. HP: 16/16 MP: 3/3
     1 | D:1      | Found a runed translucent door.
   326 | D:1      | Reached XP level 2. HP: 23/23 MP: 3/5
   333 | D:1      | Reached skill level 3 in Transmutations
   725 | D:1      | Reached XP level 3. HP: 28/28 MP: 4/6
  1085 | D:1      | Reached skill level 4 in Transmutations
  1345 | D:1      | Reached XP level 4. HP: 32/35 MP: 7/7
  1370 | D:1      | Learned a level 2 spell: Sticks to Snakes
  1374 | D:1      | Learned a level 3 spell: Spider Form
  1975 | D:2      | Reached skill level 5 in Transmutations
  2135 | D:2      | Found a shimmering blue altar of Sif Muna.
  2347 | D:2      | Found a shimmering altar of Xom.
  2603 | D:3      | Reached XP level 5. HP: 31/40 MP: 6/8
  2938 | D:3      | Noticed Robin
  2946 | D:3      | Killed Robin
  3211 | D:3      | Reached skill level 6 in Transmutations
  3781 | D:4      | Noticed an ogre
  3957 | D:4      | Found a transporter.
  4058 | D:4      | Found a transporter.
  4073 | D:4      | Noticed hittemvvvvvvhard's ghost (weakling CeTm)
  4111 | D:4      | Killed an ogre
  4111 | D:4      | Reached XP level 6. HP: 47/47 MP: 6/9
  4117 | D:4      | Reached skill level 7 in Transmutations
  4496 | D:5      | Entered Level 5 of the Dungeon
  4529 | D:5      | Found Gozag's Platinum Reserve.
  4552 | D:5      | Noticed a slave
  4578 | D:5      | Found an opulent altar of Gozag.
  4625 | D:5      | Found an ancient bone altar of Kikubaaqudgha.
  4661 | D:5      | Found a sparkling altar of Nemelex Xobeh.
  4761 | D:5      | Your scales start taking on a lurid green colour.
  4761 | D:5      | Reached XP level 7. HP: 51/52 MP: 6/10
  4761 | D:5      | Gained mutation: Your system is resistant to poisons.
                  | (rPois) [Green Draconian growth]
  4781 | D:5      | Noticed Pikel
  4805 | D:5      | Reached skill level 8 in Transmutations
  4830 | D:5      | Killed Pikel
  4830 | D:5      | Reached skill level 9 in Transmutations
  4830 | D:5      | Reached XP level 8. HP: 22/59 MP: 11/11
  4867 | D:5      | Found a glowing drain.
  4906 | Sewer    | Entered a sewer
  5628 | Sewer    | Reached skill level 10 in Transmutations
  6082 | D:5      | Found a hazy altar of Hepliaklqana.
  7011 | D:6      | Reached skill level 11 in Transmutations
  7980 | D:6      | Reached XP level 9. HP: 29/64 MP: 9/12
  8159 | D:6      | Learned a level 5 spell: Blade Hands
  8605 | D:7      | Reached skill level 12 in Transmutations
  8629 | D:7      | You fall into a shaft and drop 3 floors!
  8629 | D:10     | Entered Level 10 of the Dungeon
  8637 | D:9      | Noticed a two-headed ogre
  8647 | D:10     | Slain by a vampire

Levels and vault maps discovered:
D:1:      dpeg_arrival_caged_fury, layout_basic, kennysheep_boxes
D:2:      layout_loops_ring, lemuel_crystal_altar, xom_teletrap_fun,
          chequers_garden
D:3:      layout_basic, chequers_mini_garden, uniq_robin
D:4:      layout_loops_ring, first_ration, gammafunk_ghost_stat_death
D:5:      layout_basic, nicolae_gozag_zags_fifth_avenue, marbit_many_paths,
          lemuel_crystal_altar, overflow_temple_1_default, gup_sewer_entry_pipe,
          uniq_pikel
D:6:      layout_basic
D:7:      layout_basic, grunt_qazlal_clouds, minmay_temple_entry_crystal_x
D:9:      layout_roguey, kennysheep_little_box, orc_david_3, basic_altar
D:10:     layout_basic, erik_lair_orcish_takeover

Skill      XL: |  1  2  3  4  5  6  7  8  9 |
---------------+----------------------------+-----
Transmutations | 3 4 5 6 7 9 11 12 | 12.1
Fighting       | |  1.1
Dodging        | |  1.7
Unarmed Combat | |  3.0
Spellcasting   | |  2.3

Action                   |  1- 3 |  4- 6 |  7- 9 || total
-------------------------+-------+-------+-------++-------
Melee: Unarmed           |    27 |    45 |    57 ||   129
       Kick              |    11 |     6 |       ||    17
       Short sword       |   151 |     1 |       ||   152
       Tailslap          |     9 |    10 |    32 ||    51
       Headbutt          |     8 |     3 |     2 ||    13
       Punch             |     1 |     3 |     3 ||     7
       Spear             |       |   136 |   290 ||   426
 Cast: Beastly Appendage |    17 |    15 |     2 ||    34
       Spider Form       |       |     7 |     5 ||    12
       Sticks to Snakes  |       |       |     2 ||     2
 Abil: Breathe Noxious F |       |       |     7 ||     7
Evoke: Wand              |       |     1 |       ||     1
  Use: Scroll            |     3 |     6 |     3 ||    12
       Potion            |     1 |       |     5 ||     6
 Stab: Sleeping          |       |     4 |       ||     4
       Confused          |       |       |     4 ||     4
  Eat: Chunk             |     2 |    13 |    11 ||    26
       Ration            |       |       |     1 ||     1
Armor: Skin              |    94 |    30 |    69 ||   193
Dodge: Dodged            |   110 |   100 |   221 ||   431

Table legend:
 A = Non-vault XP
 B = Vault XP
 C = Vault XP percentage of total XP
 D = Non-vault monster count
 E = Vault monster count
 F = Vault count percentage of total count
                 A         B        C        D         E       F
            +---------+---------+-------+---------+---------+-------
      Total |    2462 |     825 |  25.1 |     120 |      81 |  40.3
            +---------+---------+-------+---------+---------+-------
        D:1 |      64 |      50 |  43.9 |      32 |      16 |  33.3
        D:2 |      81 |       0 |   0.0 |      15 |       0 |   0.0
        D:3 |     133 |      26 |  16.4 |      14 |       7 |  33.3
        D:4 |     204 |       0 |   0.0 |      11 |       0 |   0.0
        D:5 |     468 |     598 |  56.1 |      17 |      10 |  37.0
        D:6 |    1178 |       0 |   0.0 |      26 |       0 |   0.0
        D:7 |     254 |       0 |   0.0 |       2 |       0 |   0.0
        D:9 |       3 |       0 |   0.0 |       1 |       0 |   0.0
       D:10 |      77 |       0 |   0.0 |       2 |       0 |   0.0
      Sewer |       0 |     151 | 100.0 |       0 |      48 | 100.0
            +---------+---------+-------+---------+---------+-------
